AoeStats
← 一杯冰美式

Yucatan

510449829Analyzed
4v4 RM · 2d ago on Oct 1, 2026· 47m 18s· 8 players
Game mode
Random Map
Map size
Large (8 player)
Population
200
Speed
Normal
Resources
Standard
Victory
Conquest
Starting age
Dark Age
Ending age
Imperial Age
RankedLock teamsTeams togetherTeam positionsShared explorationLock speedFull tech treeHidden civsTurbo modeCheats
Victory
Defeat
🇺🇸 Mongols · United States
1210
+12
🇺🇸 Saracens · United States
1185
+13
🇺🇸 Mapuche · United States
1167
+14
🇺🇸 Varangians · United States
1107
+17
🇺🇸 Malay · United States
1186
-16
🇹🇼 Mongols · Taiwan
1128
-14
🇹🇼 Ethiopians · Taiwan
1096
-13
🇹🇼 Magyars · Taiwan
1087
-13
mentat
8:31 Loom
10:49 Feudal Age
10:31 Fishing Lines
10:47 Double-Bit Axe
20:35 Castle Age
20:23 Gillnets
23:41 Bow Saw
28:20 Imperial Age
25:59 Scale Barding Armor
26:05 Forging
25:57 Husbandry
27:35 Cavalier
30:24 Gold Mining
30:28 Horse Collar
30:58 Elite Battle Elephant
32:57 Iron Casting
32:13 Fletching
33:58 Conscription
34:01 Padded Archer Armor
35:02 Blast Furnace
38:02 Leather Archer Armor
38:59 Bodkin Arrow
39:34 Ring Archer Armor
39:27 Ballistics
40:07 Chemistry
40:34 Bracer
41:15 Wheelbarrow
41:39 Masonry
41:36 Siege Engineers
42:17 Hand Cart
41:25 Crossbowman
42:13 Thumb Ring
41:58 Elite Skirmisher
42:38 Arbalester
44:33 Town Watch
一杯冰美式
0:40 Loom
2:14 Loom
14:57 Feudal Age
15:59 Town Watch
18:24 Double-Bit Axe
18:33 Gold Mining
20:03 Stone Mining
23:25 Castle Age
27:06 Horse Collar
28:08 Wheelbarrow
28:11 Heavy Plow
29:29 Hand Cart
33:23 Stone Shaft Mining
33:18 Bow Saw
33:45 Gold Shaft Mining
34:28 Fletching
34:38 Padded Archer Armor
36:08 Bodkin Arrow
36:28 Leather Archer Armor
39:35 Imperial Age
39:56 Town Patrol
40:26 Ballistics
40:16 Bracer
40:40 Conscription
39:56 Elite Mangudai
41:20 Husbandry
41:41 Bloodlines
44:23 Chemistry
草~~騎~~吧
10:55 Feudal Age
12:18 Wheelbarrow
12:54 Town Watch
15:12 Castle Age
15:06 Double-Bit Axe
16:29 Bow Saw
16:48 Horse Collar
17:49 Loom
18:39 Town Watch
23:34 Hand Cart
28:11 Fletching
28:21 Padded Archer Armor
28:55 Bodkin Arrow
30:56 Leather Archer Armor
33:38 Heavy Plow
35:24 Squires
35:07 Crossbowman
35:11 Elite Skirmisher
39:05 Imperial Age
37:23 Scale Mail Armor
37:36 Forging
39:44 Thumb Ring
40:50 Chemistry
40:11 Ballistics
40:06 Masonry
40:01 Bracer
40:32 Ring Archer Armor
40:17 Gold Mining
40:17 Stone Mining
40:59 Halberdier
42:41 Two-Man Saw
43:14 Royal Heirs
42:34 Elite Shotel Warrior
43:35 Conscription
42:41 Elite Shotel Warrior
45:19 Iron Casting
45:00 Chain Mail Armor
k00144
9:13 Loom
11:42 Feudal Age
13:16 Double-Bit Axe
16:38 Castle Age
17:55 Bow Saw
17:27 Horse Collar
20:32 Wheelbarrow
20:05 Gold Mining
20:47 Fletching
23:38 Ballistics
24:16 Bodkin Arrow
24:40 Husbandry
25:25 Padded Archer Armor
29:27 Thumb Ring
29:41 Leather Archer Armor
31:20 Bloodlines
31:01 Town Watch
34:41 Elite Skirmisher
39:33 Imperial Age
37:16 Light Cavalry
38:45 Corvinian Army
39:57 Hand Cart
40:08 Scale Barding Armor
40:00 Hussar
42:00 Bracer
46:03 Chemistry
45:29 Chain Barding Armor
Killshot18
8:35 Loom
10:37 Feudal Age
15:39 Castle Age
14:49 Double-Bit Axe
18:50 Bow Saw
19:17 Horse Collar
25:17 Wheelbarrow
25:43 Heavy Plow
25:34 Gold Mining
26:00 Town Watch
28:01 Hand Cart
29:09 Malon
32:47 Imperial Age
30:33 Pikeman
31:17 Scale Mail Armor
31:28 Forging
31:10 Fletching
32:54 Chain Mail Armor
33:28 Iron Casting
32:54 Halberdier
34:12 Crop Rotation
34:19 Gold Shaft Mining
33:34 Stone Mining
35:00 Plate Mail Armor
34:46 Butalmapu
38:29 Stone Shaft Mining
40:40 Blast Furnace
40:48 Bodkin Arrow
41:08 Arson
41:15 Elite Skirmisher
41:22 Elite Bolas Rider
46:39 Padded Archer Armor
VladTheMegabonk
7:25 Loom
11:34 Feudal Age
13:51 Bloodlines
16:39 Castle Age
14:55 Forging
14:53 Double-Bit Axe
19:26 Horse Collar
19:58 Bow Saw
25:22 Fletching
25:32 Padded Archer Armor
25:33 Elite Skirmisher
27:32 Bodkin Arrow
33:36 Imperial Age
32:15 Scale Barding Armor
34:59 Elite Jarl
36:39 Wheelbarrow
38:48 Hand Cart
39:08 Chain Barding Armor
39:24 Iron Casting
38:51 Husbandry
41:51 Conscription
43:46 Plate Barding Armor
44:12 Blast Furnace
markymark
5:32 Loom
7:51 Feudal Age
10:28 Double-Bit Axe
15:34 Fletching
19:50 Castle Age
18:43 Padded Archer Armor
19:03 Horse Collar
20:40 Bodkin Arrow
20:53 Thumb Ring
22:51 Bow Saw
27:34 Wheelbarrow
27:11 Bloodlines
29:51 Husbandry
32:42 Gold Mining
33:08 Hand Cart
33:37 Ballistics
34:18 Leather Archer Armor
37:56 Imperial Age
38:40 Bracer
38:20 Elite Mangudai
39:59 Conscription
40:09 Capped Ram
43:10 Chemistry
42:38 Siege Ram
46:38 Parthian Tactics
Empire
5:05 Loom
11:16 Feudal Age
15:20 Castle Age
13:28 Double-Bit Axe
19:00 Horse Collar
25:30 Wheelbarrow
25:11 Bow Saw
25:23 Gold Mining
26:46 Hand Cart
26:41 Heavy Plow
28:52 Scale Barding Armor
32:00 Imperial Age
29:54 Bloodlines
29:48 Husbandry
31:11 Chain Barding Armor
31:01 Forging
30:54 Light Cavalry
32:16 Fletching
32:40 Elite Mameluke
33:24 Town Watch
33:05 Heavy Camel Rider
34:09 Fortified Wall
34:09 Masonry
34:05 Stone Mining
34:50 Gold Shaft Mining
36:02 Iron Casting
36:12 Plate Barding Armor
36:49 Parthian Tactics
36:29 Thumb Ring
36:23 Bodkin Arrow
37:54 Blast Furnace
38:37 Conscription
40:18 Coinage
39:18 Heavy Cavalry Archer
40:00 Bracer
40:01 Padded Archer Armor
41:38 Ballistics
42:18 Chemistry
41:25 Siege Engineers
43:16 Gold Shaft Mining
43:00 Devotion
43:31 Murder Holes
46:08 Faith
46:24 Banking
45:55 Caravan
47:13 Hoardings
47:05 Heresy
Connection lost

Rejoining the realm…

Still unreachable

The connection could not be restored.

Session expired

The server has moved on; the page needs a fresh start.